 Dungeon Crawl Stone Soup version 0.24.1-14-gf8d2b509d9 (webtiles) character file.

Game seed: 11553854423264721491, levelgen mode: deterministic

595 Descartes the Shield-Bearer (level 7, -2/55 HPs)
             Began as a Formicid Fighter on May 16, 2020.
             Slain by an ogre
             ... wielding a +0 giant club
              (23 damage)
             ... on level 4 of the Dungeon.
             The game lasted 00:06:53 (3870 turns).

Descartes the Shield-Bearer (Formicid Fighter)      Turns: 3870, Time: 00:06:54

Health: -2/55      AC: 10    Str: 20    XL:     7   Next: 67%
Magic:  20/20      EV:  9    Int: 10    God:
Gold:   195        SH: 10    Dex: 10    Spells: 12/12 levels left

rFire    . . .     SeeInvis +   a - +0 long sword
rCold    . . .     Gourm    .   c - +0 shield
rNeg     . . .     Faith    .   b - +0 scale mail
rPois    .         Spirit   .   (helmet unavailable)
rElec    .         Reflect  .   (no cloak)
rCorr    .         Harm     .   q - +2 pair of gloves
MR       .....                  (no boots)
Stlth    ..........             (no amulet)
HPRegen  0.18/turn              B - ring of magical power
MPRegen  0.17/turn              (no ring)

@: no status effects
A: permanent stasis, dig shafts and tunnels, four strong arms, antennae 3
a: Dig, Shaft Self


You were on level 4 of the Dungeon.
You were not hungry.

You visited 1 branch of the dungeon, and saw 4 of its levels.

You collected 195 gold pieces.

Inventory:

Hand Weapons
 a - a +0 long sword (weapon)
 n - a +0 shortbow of flaming
Missiles
 e - 186 stones (quivered)
 l - 70 arrows
 t - 14 boomerangs
 A - 8 datura-tipped darts
Armour
 b - a +0 scale mail (worn)
 c - a +0 shield (worn)
 q - a +2 pair of gloves (worn)
Jewellery
 B - a ring of magical power (left hand)
Wands
 s - a wand of acid (17)
Scrolls
 i - a scroll of random uselessness {unknown}
 j - 4 scrolls of identify {unknown}
 p - a scroll of fear {unknown}
 v - a scroll of magic mapping {unknown}
 w - a scroll of enchant weapon {unknown}
 y - 2 scrolls of remove curse {unknown}
Potions
 d - 3 potions of might
 g - 2 potions of degeneration {unknown}
 h - 3 potions of curing {unknown}
 k - 2 potions of haste {unknown}
 m - a potion of magic {unknown}
 o - 2 potions of agility {unknown}
 r - 2 potions of flight {unknown}
 u - a potion of berserk rage {unknown}
 z - 2 potions of heal wounds {unknown}
Comestibles
 f - 7 rations


   Skills:
 + Level 4.9 Fighting
 - Level 2.0 Long Blades
 + Level 5.0 Armour
 * Level 6.9 Shields
 + Level 3.0 Spellcasting
 + Level 0.6 Evocations


You had 12 spell levels left.
You didn't know any spells.
Your spell library contained the following spells:

 Spells                   Type           Power        Failure   Level  Hunger
 Beastly Appendage        Tmut           #.....       75%         1    #......
 Sticks to Snakes         Tmut           #.......     87%         2    ###....
 Spider Form              Tmut/Pois      #.........   98%         3    ###....
 Ice Form                 Ice/Tmut       #.......     100%        4    #####..
 Blade Hands              Tmut           #.........   100%        5    ######.


Dungeon Overview and Level Annotations

Branches:
Dungeon (4/15)
 Temple: D:4-7

Altars:


Innate Abilities, Weirdness & Mutations

You cannot be hasted, slowed, berserked, paralysed or teleported.
You can dig through walls and to a lower floor.
Your four strong arms can wield two-handed weapons with a shield.
You have a pair of large antennae on your head. (SInv)


Message History

You block the ogre's attack.
You hit the ogre.
The ogre is lightly wounded.
The ogre hits you with a +0 giant club.
You hit the ogre.
The ogre is lightly wounded.
The ogre hits you with a +0 giant club.
You slash the ogre!
The ogre is moderately wounded.
The ogre hits you with a +0 giant club!!
The orc shouts!
You hit the ogre.
The ogre is heavily wounded.
You hear a shout!
You block the ogre's attack.
An orc priest comes into view.
You hit the ogre but do no damage.
The ogre is heavily wounded.
The ogre hits you with a +0 giant club!!
You die...

#####.......##..≈≈≈..
##.####.........≈$≈..
...# #....<..#.≈≈≈..
# #..##..............
#. #..#..............
#.. #.#..............
..# ##........####...
#.# ##.#..<....# #...
#.###@####.##### #.<.
#.#O## #.# #... #o##
#.# #... ..o..ooo{#
#.# #...
o...####.#####.####
#... .#
#..........######..
########.#....###..
#.....#......
#.....######.


You could see an ogre, an orc priest and 3 orcs.

Vanquished Creatures
  Sigmund (D:2)
  A centaur (D:2)
  A bullfrog (D:3)
  A scorpion (D:4)
  A howler monkey (D:4)
  A hound (D:2)
  Ijyb (D:4)
  3 adders
  2 worms (D:2)
  5 dart slugs
  A leopard gecko (D:1)
  5 orcs
  3 giant cockroaches
  11 goblins
  7 hobgoblins
  6 jackals
  3 quokkas
  12 bats
  6 frilled lizards
  14 kobolds
  5 rats
90 creatures vanquished.

Notes
Turn   | Place    | Note
-------+----------+-------------------------------------------
     0 | D:1      | Descartes the Formicid Fighter began the quest for the Orb.
     0 | D:1      | Reached XP level 1. HP: 18/18 MP: 1/1
   133 | D:1      | Reached XP level 2. HP: 8/24 MP: 2/2
   342 | D:1      | Reached skill level 4 in Shields
   674 | D:1      | Reached XP level 3. HP: 29/29 MP: 3/3
  1299 | D:2      | Noticed Sigmund
  1613 | D:2      | Reached skill level 1 in Spellcasting
  1613 | D:2      | Reached XP level 4. HP: 28/37 MP: 5/5
  1893 | D:2      | Reached skill level 5 in Shields
  1912 | D:2      | Noticed a centaur
  1922 | D:2      | Killed a centaur
  1922 | D:2      | Reached XP level 5. HP: 27/42 MP: 5/7
  2154 | D:2      | Killed Sigmund
  2154 | D:2      | Reached skill level 6 in Shields
  2154 | D:2      | Reached XP level 6. HP: 22/49 MP: 7/9
  2458 | D:2      | Reached XP level 7. HP: 52/55 MP: 10/10
  3475 | D:4      | Noticed Ijyb
  3483 | D:4      | Killed Ijyb
  3827 | D:4      | Reached skill level 5 in Armour
  3870 | D:4      | Slain by an ogre

Levels and vault maps discovered:
D:1:      lightli_arrival_flooded_house, layout_basic
D:2:      layout_basic, uniq_sigmund
D:3:      layout_loops_corners
D:4:      minmay_goblin_kobold_castle, layout_loops_cross, minmay_fountain_box,
          corexii_item_surrounded_by_moat, uniq_ijyb

Skill      XL: |  1  2  3  4  5  6  7 |
---------------+----------------------+-----
Shields        | 4 5 6 |  6.9
Spellcasting   | 1 2 3 |  3.0
Fighting       | 4 |  4.9
Armour         | 4 5 |  5.0
Long Blades    | |  2.0
Evocations     | |  0.6

Action                   |  1- 3 |  4- 6 |  7- 9 || total
-------------------------+-------+-------+-------++-------
Melee: Long sword        |   119 |   108 |   129 ||   356
 Abil: Dig               |       |     1 |       ||     1
  Eat: Chunk             |     2 |     4 |     4 ||    10
Armor: Scale mail        |    53 |    41 |    53 ||   147
Dodge: Dodged            |    47 |    38 |    59 ||   144
Block: Shield            |    66 |    68 |    93 ||   227
       Rpst.: Long sword |    16 |    14 |    19 ||    49
